 Dungeon Crawl Stone Soup version 0.27.1-35-g4d5d836560 (webtiles) character file.

Game seed: 17824242887594175859

140 CrazyMind the Digger (level 5, -5/31 HPs)
             Began as an Octopode Earth Elementalist on July 10, 2022.
             Engulfed by a cloud of flame (24 damage)
             ... on level 4 of the Dungeon.
             The game lasted 00:12:41 (3016 turns).

CrazyMind the Digger (Octopode Earth Elementalist)  Turns: 3016, Time: 00:12:42

Health: -5/31      AC:  1    Str:  7    XL:     5   Next: 23%
Magic:  6/9        EV: 17    Int: 24    God:
Gold:   77         SH:  0    Dex: 13    Spells: 3/9 levels left

rFire    . . .     SeeInvis .   k - +0 dagger (flame)
rCold    . . .     Faith    .   (no shield)
rNeg     . . .     Spirit   .   (helmet restricted)
rPois    .         Reflect  .   (no amulet)
rElec    .         Harm     .   d - +6 ring of intelligence
rCorr    .         Rampage  .   e - +4 ring of evasion
Will     +....                  p - ring of willpower
Stlth    +++.......             (no ring)
HPRegen  0.10/turn              (no ring)
MPRegen  0.11/turn              (no ring)
                                (no ring)
                                (no ring)

@: no status effects
A: almost no armour, amphibious, 8 rings, camouflage 1, gelatinous body 1,
(nimble swimmer 1), tentacles
a: no special abilities


You were on level 4 of the Dungeon.
You visited 1 branch of the dungeon, and saw 4 of its levels.

You collected 77 gold pieces.

Inventory:

Hand Weapons
 f - a +0 dagger
 j - a +1 falchion of protection
 k - a +0 dagger of flaming (weapon)
Missiles
 b - 102 stones
Armour
 a - a +0 buckler
Magical Staves
 n - a staff of air
Jewellery
 d - a +6 ring of intelligence (left tentacle)
 e - a +4 ring of evasion (right tentacle)
 o - a ring of ice
 p - a ring of willpower (on tentacle)
Scrolls
 c - 2 scrolls of enchant armour {unknown}
 h - a scroll of identify {unknown}
 i - 2 scrolls of teleportation
 m - 2 scrolls of immolation
Potions
 g - 2 potions of curing {unknown}
 l - a potion of haste {unknown}
 q - a potion of mutation {unknown}


   Skills:
 + Level 0.2 Fighting
 + Level 2.1 Dodging
 + Level 3.7 Stealth
 * Level 1.6 Shields
 * Level 2.6 Spellcasting
 * Level 1.5 Conjurations
 - Level 1.0 Transmutations
 * Level 4.0 Earth Magic


You had 3 spell levels left.
You knew the following spells:

 Your Spells              Type           Power      Damage    Failure   Level
a - Sandblast             Erth           44%        2d11      2%          1
b - Passwall              Tmut/Erth      12%        N/A       6%          2
c - Stone Arrow           Conj/Erth      32%        3d9       11%         3

Your spell library contained the following spells:

 Spells                   Type           Power      Damage    Failure   Level
 Gell's Gravitas          Tloc           1%         N/A       34%         3
 Lesser Beckoning         Tloc           1%         N/A       34%         3
 Teleport Other           Tloc           3%         N/A       34%         3
 Petrify                  Tmut/Erth      15%        N/A       36%         4


Dungeon Overview and Level Annotations

Branches:
Dungeon (4/15)
 Temple: D:4-7

Altars:

Annotations:
D:3 Grinder, Terence


Innate Abilities, Weirdness & Mutations

You cannot wear most types of armour.
You are amphibious.
You can wear up to eight rings at the same time.
Your skin changes colour to match your surroundings (Stealth+).
Your rubbery body absorbs attacks. (AC +1, EV +1)
((You are camouflaged near water. (Stealth+)))
You have tentacles for arms and can constrict up to eight enemies at once.


Message History

The goblin shouts!
The goblin unwields a +0 dagger.
The goblin wields a +0 hunting sling.
The goblin shoots a stone.
The stone closely misses you.
As you read the scroll labelled LYDAKL PI FEO, it crumbles to dust.
The creatures around you are filled with an inner flame!
It was a scroll of immolation.
The goblin shoots a stone.
The stone closely misses you.
Casting: Sandblast (safe; 2% risk of failure)
Confirm with . or Enter, or press ? or * to list all spells.
You can't see any susceptible monsters within range! (Use Z to cast anyway.) Unknown command.
Found 17 gold pieces.
The goblin shoots a stone.
The stone misses you.
Casting: Sandblast (safe; 2% risk of failure)
Confirm with . or Enter, or press ? or * to list all spells.
Aiming: Sandblast (safe; 2% risk of failure)
Press: ? - help, Shift-Dir - straight line, f - goblin
Aim: a goblin, wielding a +0 hunting sling and quivering stones (inner flame, 76% to hit)
The blast of sand hits the goblin.
Flame seeps out of the goblin.
The goblin is severely wounded.
The goblin is engulfed in blazing flames.
The goblin explodes!
You hear an angry hiss. x3
A water moccasin skeleton comes into view.
You see here a scroll labelled RIPABB BUGHIOKLI.
c - 2 scrolls labelled RIPABB BUGHIOKLI (gained 1)
A hobgoblin comes into view.
There is a stone staircase leading up here.
Casting: Sandblast (safe; 2% risk of failure)
Confirm with . or Enter, or press ? or * to list all spells.
Aiming: Sandblast (safe; 2% risk of failure)
Press: ? - help, Shift-Dir - straight line, f - ball python
Aim: a ball python (inner flame, 78% to hit)
The blast of sand misses the ball python.
The hobgoblin shouts!
You hit the ball python but do no damage.
Your grab misses the ball python. You squeeze the ball python.
The ball python explodes!
The fiery explosion engulfs you!
You are engulfed in blazing flames.
Ouch! That really hurt!
You die...

...........###
.$............##.
.................
......§☼.........
......)§.........
..>..☼§.......(..
.................
.................
......$..@§§.....
........†§§§.....
..#......§§§.....
#..........$.....
##.............g.
##..............
###...........#
###.........#


You could see a hobgoblin.

Vanquished Creatures
  Robin (D:2)
  An adder (D:3)
  5 gnolls
  2 worms
  A dart slug (D:3)
  3 orcs (D:3)
  5 ball pythons
  3 endoplasms
  3 giant cockroaches
  15 goblins
  5 hobgoblins
  A jackal (D:1)
  2 quokkas
  7 bats
  2 frilled lizards
  A kobold (D:1)
  4 rats
61 creatures vanquished.

Vanquished Creatures (others)
  7 toadstools (D:1)
7 creatures vanquished.

Grand Total: 68 creatures vanquished

Notes
Turn   | Place    | Note
-------+----------+-------------------------------------------
     0 | D:1      | CrazyMind the Octopode Earth Elementalist began the quest
                  | for the Orb.
     0 | D:1      | Reached XP level 1. HP: 11/11 MP: 3/3
   340 | D:1      | Reached XP level 2. HP: 17/17 MP: 5/5
   343 | D:1      | Learned a level 2 spell: Passwall
   490 | D:1      | Found a faded altar of an unknown god.
   653 | D:1      | Reached XP level 3. HP: 14/21 MP: 2/6
   665 | D:1      | Learned a level 3 spell: Stone Arrow
  1608 | D:2      | Reached skill level 1 in Shields
  1608 | D:2      | Reached XP level 4. HP: 27/27 MP: 4/7
  1777 | D:2      | Noticed Robin
  1830 | D:2      | Killed Robin
  1831 | D:2      | Reached skill level 1 in Conjurations
  2118 | D:2      | Reached skill level 4 in Earth Magic
  2259 | D:3      | Reached XP level 5. HP: 31/31 MP: 5/8
  2628 | D:3      | Noticed Grinder
  2732 | D:3      | Noticed Terence
  3016 | D:4      | Engulfed by a cloud of flame

Illustrated notes

Levels and vault maps discovered:
D:1:      nagdon_arrival_double_spiral, layout_loops_cross,
          basic_ecumenical_altar
D:2:      layout_basic, uniq_robin
D:3:      layout_basic, uniq_grinder, uniq_terence
D:4:      layout_rooms, nicolae_ossuary_entry_plus, uniq_menkaure

Skill      XL: |  1  2  3  4 |
---------------+-------------+-----
Stealth        | 3 |  3.7
Shields        | 1 |  1.6
Conjurations   | 1 |  1.5
Earth Magic    | 4 |  4.0
Fighting       | |  0.2
Dodging        | |  2.1
Spellcasting   | |  2.6
Transmutations | |  1.0

Action                   |  1- 3 |  4- 6 || total
-------------------------+-------+-------++-------
Melee: Short sword       |    14 |       ||    14
       Tentacles         |    14 |    12 ||    26
       Constrict         |    12 |    19 ||    31
       Whip              |     3 |       ||     3
       Dagger            |    36 |    68 ||   104
 Cast: Sandblast         |     8 |    15 ||    23
  Use: Scroll            |       |     2 ||     2
 Stab: Sleeping          |     7 |     6 ||    13
       Distracted        |       |     1 ||     1
Armor: Skin              |     3 |     4 ||     7
Dodge: Dodged            |    27 |    58 ||    85
